 Dungeon Crawl Stone Soup version 0.21.0-3-g78d12a8 (webtiles) character file.

308 Inarius the Chiller (level 6, -2/46 HPs)
             Began as a Draconian Ice Elementalist on Jan 9, 2018.
             Slain by BonusName's ghost (17 damage)
             ... on level 3 of the Dungeon.
             The game lasted 00:09:34 (2099 turns).

Inarius the Chiller (Draconian Ice Elementalist)    Turns: 2099, Time: 00:09:35

Health: -2/46      AC: 12    Str: 10    XL:     6   Next: 17%
Magic:  5/11       EV: 12    Int: 18    God:
Gold:   119        SH:  0    Dex: 11    Spells: 4/12 levels left

rFire    x . .     SeeInvis .   c - +0 short sword
rCold    + + .     Gourm    .   (no shield)
rNeg     . . .     Faith    .   (armour unavailable)
rPois    .         Spirit   .   (helmet restricted)
rElec    .         Reflect  .   (no cloak)
rCorr    .         Harm     .   (no gloves)
MR       .....                  (no boots)
Stlth    ++........             l - amulet of regeneration
HPRegen  0.55/turn              t - ring of ice
MPRegen  0.12/turn              y - ring of protection from cold

@: icy armour, slow
A: unfitting armour, cold-blooded, AC +6
a: no special abilities


You were on level 3 of the Dungeon.
You were not hungry.

You visited 1 branch of the dungeon, and saw 3 of its levels.

You collected 119 gold pieces.

Inventory:

Hand Weapons
 c - a +0 short sword (weapon)
Armour
 o - a cursed +0 shield
Jewellery
 l - an amulet of regeneration (around neck)
 t - a ring of ice (left hand)
 y - a ring of protection from cold (right hand)
Scrolls
 f - 4 scrolls of remove curse {unknown}
 g - 2 scrolls of immolation {unknown}
 j - a scroll of magic mapping {unknown}
 n - a scroll of noise {unknown}
 q - a scroll of identify {unknown}
 r - a scroll of teleportation {unknown}
 s - a scroll of enchant weapon {unknown}
 v - a scroll of amnesia {unknown}
 w - a scroll of fear {unknown}
 x - a scroll of blinking {unknown}
Potions
 e - a potion of haste {unknown}
 h - 4 potions of curing {unknown}
 i - a potion of flight {unknown}
 k - 2 potions of cancellation {unknown}
 p - a potion of magic {unknown}
 u - 2 potions of brilliance {unknown}
Books
 a - a book of Frost

   Spells                             Type                      Level
   a - Freeze                         Ice                          1
   b - Throw Frost                    Conjuration/Ice              2
   c - Ozocubu's Armour               Charms/Ice                   3
   d - Throw Icicle                   Conjuration/Ice              4
   e - Summon Ice Beast               Ice/Summoning                4
 m - a book of Cantrips

   Spells                             Type                      Level
   a - Confusing Touch                Hexes                        1
   b - Animate Skeleton               Necromancy                   1
   c - Summon Small Mammal            Summoning                    1
   d - Apportation                    Translocation                1
Comestibles
 b - 5 rations
 d - 14 chunks of flesh


   Skills:
 + Level 0.8 Fighting
 - Level 0.3 Short Blades
 + Level 2.4 Dodging
 - Level 1.7 Stealth
 + Level 3.5 Spellcasting
 * Level 2.0 Conjurations
 + Level 1.5 Charms
 * Level 4.8 Ice Magic


You had 4 spell levels left.
You knew the following spells:

 Your Spells              Type           Power        Failure   Level  Hunger
a - Freeze                Ice            ####         1%          1    None
b - Ozocubu's Armour      Chrm/Ice       ###.....     12%         3    ###....
c - Throw Icicle          Conj/Ice       ###.....     36%         4    ####...


Dungeon Overview and Level Annotations

Branches:
Dungeon (3/15)

Altars:
Ashenzari
Elyvilon
Kikubaaqudgha
Makhleb
Ru
Uskayaw
Vehumet
The Shining One

Annotations:
D:3 BonusName's ghost, amateur MiFi


Innate Abilities, Weirdness & Mutations

Your plain brown scales are hard. (AC +6)
You cannot fit into any form of body armour.
You are cold-blooded and may be slowed by cold attacks.


Message History

BonusName's ghost is heavily damaged.
BonusName's ghost hits you but does no damage.
Casting: Freeze
Confirm with . or Enter, or press ? or * to list all spells.
Aiming: Freeze
Press: ? - help, Shift-Dir - straight line, f/p - BonusName's ghost
Aim: BonusName's ghost (heavily damaged)
Okay, then.
Unknown command.
BonusName's ghost ripples.
BonusName's ghost hits you.
Casting: Freeze
Confirm with . or Enter, or press ? or * to list all spells.
Aiming: Freeze
Press: ? - help, Shift-Dir - straight line, f/p - BonusName's ghost
Aim: BonusName's ghost (heavily damaged)
You feel a surge of power!
You freeze BonusName's ghost.
BonusName's ghost is severely damaged.
BonusName's ghost hits you!
You die...

#.##)###......)..#......
#.#..#....)......#.......
#...##.######.###........
#..###.# #..##........ ##......#
###.##.......# ##....####
#)...........#
###..#...#######.#...........
##............................
#............W@...............
###..............#####.#รท#.....#
................## #.#.##...##
####....####...## #...####.#
#.)..###..### ##...# #
##........## #...## #.....#####
#.#..# # #...### ##.##.##.###
###.### #..#........


You could see BonusName's ghost.

Vanquished Creatures
  A black bear (D:2)
  Terence (D:3)
  3 gnolls (D:3)
  9 adders
  An adder skeleton (D:3)
  2 worms
  2 dart slugs
  4 orcs (D:3)
  5 giant cockroaches
  9 goblins
  9 hobgoblins
  6 jackals
  5 kobolds
  A ball python (D:2)
  6 bats
  2 frilled lizards
  9 rats
75 creatures vanquished.

Notes
Turn   | Place    | Note
-------+----------+-------------------------------------------
     0 | D:1      | Inarius the Draconian Ice Elementalist began the quest for the Orb.
     0 | D:1      | Reached XP level 1. HP: 14/14 MP: 3/3
   219 | D:1      | Reached XP level 2. HP: 18/20 MP: 0/5
   729 | D:1      | Reached XP level 3. HP: 18/26 MP: 4/6
   734 | D:1      | Learned a level 3 spell: Ozocubu's Armour
  1046 | D:2      | Found an ancient bone altar of Kikubaaqudgha.
  1050 | D:2      | Noticed a black bear
  1177 | D:2      | Reached skill level 4 in Ice Magic
  1281 | D:2      | Found a glowing golden altar of the Shining One.
  1282 | D:2      | Found a white marble altar of Elyvilon.
  1282 | D:2      | Found a shattered altar of Ashenzari.
  1283 | D:2      | Found a sacrificial altar of Ru.
  1283 | D:2      | Found a burning altar of Makhleb.
  1283 | D:2      | Found a radiant altar of Vehumet.
  1283 | D:2      | Found a hide-covered altar of Uskayaw.
  1397 | D:2      | Reached XP level 4. HP: 33/33 MP: 8/8
  1466 | D:2      | Learned a level 4 spell: Throw Icicle
  1480 | D:2      | Found a burning altar of Makhleb.
  1480 | D:2      | Noticed a green death
  1503 | D:2      | Killed a black bear
  1503 | D:2      | Reached skill level 1 in Charms
  1503 | D:2      | Reached XP level 5. HP: 18/39 MP: 0/9
  1664 | D:2      | Found a faded altar of an unknown god.
  1823 | D:3      | Noticed Terence
  1832 | D:3      | Killed Terence
  1973 | D:3      | Reached XP level 6. HP: 41/46 MP: 9/11
  2070 | D:3      | Noticed BonusName's ghost (amateur MiFi)
  2099 | D:3      | Slain by BonusName's ghost

Skill      XL: |  1  2  3  4  5 |
---------------+----------------+-----
Ice Magic      | 4 |  4.8
Dodging        | 2 |  2.4
Spellcasting   | 3 |  3.5
Charms         | 1 |  1.5
Conjurations   | 2 |  2.0
Fighting       | |  0.8
Short Blades   | |  0.3
Stealth        | |  1.7

Action                   |  1- 3 |  4- 6 || total
-------------------------+-------+-------++-------
Melee: Short sword       |    74 |   126 ||   200
       Tailslap          |     3 |     9 ||    12
 Cast: Freeze            |    36 |    41 ||    77
       Ozocubu's Armour  |       |     5 ||     5
 Stab: Sleeping          |     5 |     1 ||     6
  Eat: Chunk             |     2 |     3 ||     5
Armor: Skin              |    24 |    59 ||    83
Dodge: Dodged            |    56 |   131 ||   187
